 Dungeon Crawl Stone Soup version 0.20.1-1-g8b1a95d (webtiles) character file.

12733 Gremour the Thaumaturge (level 11, -21/60 HPs)
             Began as a Deep Elf Fire Elementalist on Oct 26, 2017.
             Was a High Priest of Sif Muna.
             Hit by a large rock thrown by a cyclops (44 damage)
             ... on level 11 of the Dungeon on Oct 30, 2017.
             The game lasted 02:18:15 (16233 turns).

Gremour the Thaumaturge (DEFE)                     Turns: 16233, Time: 02:18:16

Health: -21/60     AC:  9    Str: 11    XL:     11   Next: 66%
Magic:  28/28      EV: 13    Int: 26    God:    Sif Muna [*****.]
Gold:   635        SH:  0    Dex: 15    Spells: 7/32 levels left

rFire    + + .     SeeInvis .   w - staff of fire
rCold    . . .     Gourm    .   (no shield)
rNeg     . . .     Faith    .   G - +2 robe {rF+}
rPois    .         Spirit   .   (no helmet)
rElec    .         Reflect  .   n - +2 cloak {+Inv}
rCorr    .         Harm     .   M - +0 pair of gloves
MR       +....                  J - +1 pair of boots {run}
Stlth    ++........             (no amulet)
Regen    0.2/turn               K - +4 ring of strength
MPRegen  0.3/turn               q - +4 ring of intelligence

@: quick
A: deformed body
a: Divine Energy, Channel Magic, Forget Spell, Renounce Religion, Evoke
Invisibility


You were on level 11 of the Dungeon.
You worshipped Sif Muna.
Sif Muna was extremely pleased with you.
You were not hungry.

You visited 2 branches of the dungeon, and saw 13 of its levels.
You also visited: Sewer.

You collected 635 gold pieces.

Inventory:

Hand Weapons
 a - a +6 dagger of speed
 b - a +1 falchion of holy wrath
 Q - a +1 shortbow of freezing
Missiles
 e - 307 stones (quivered)
 T - 19 arrows
Armour
 n - a +2 cloak of invisibility (worn)
 x - a +1 leather armour of cold resistance
 F - a +0 shield
 G - a +2 robe of fire resistance (worn)
 H - a +0 ring mail of magic resistance
 J - a +1 pair of boots of running (worn)
 M - a +0 pair of gloves (worn)
Magical Staves
 w - an uncursed staff of fire (weapon)
Jewellery
 f - a +2 ring of evasion
 q - a +4 ring of intelligence (right hand)
 u - an uncursed ring of positive energy
 K - a +4 ring of strength (left hand)
 O - a +6 ring of strength
Wands
 k - a wand of confusion (21/48)
 A - a wand of flame (33/48)
 D - a wand of enslavement (10/24)
 L - a wand of lightning (7/15)
 N - a wand of confusion (25/48)
 S - a wand of confusion (18/48)
 U - a wand of lightning (6/15)
Scrolls
 g - a scroll of holy word {unknown}
 i - 7 scrolls of identify
 o - 9 scrolls of remove curse
 r - 2 scrolls of fear
 z - 7 scrolls of teleportation
 E - 2 scrolls of blinking
 I - a scroll of immolation
Potions
 d - 6 potions of flight
 j - a potion of cancellation
 l - a potion of haste
 m - 5 potions of brilliance
 p - a potion of might
 t - 3 potions of curing
 C - 2 potions of berserk rage
 W - a potion of agility
Books
 y - Sif Muna's Compendium of the Displaced Volcanoes
   (Sif Muna gifted it to you on level 9 of the Dungeon)

   Spells                             Type                      Level
   a - Throw Flame                    Conjuration/Fire             2
   b - Teleport Other                 Translocation                3
   c - Bolt of Fire                   Conjuration/Fire             6
 P - a book of Flames

   Spells                             Type                      Level
   a - Flame Tongue                   Conjuration/Fire             1
   b - Throw Flame                    Conjuration/Fire             2
   c - Conjure Flame                  Conjuration/Fire             3
   d - Inner Flame                    Hexes/Fire                   3
   e - Sticky Flame                   Conjuration/Fire             4
   f - Fireball                       Conjuration/Fire             5
Miscellaneous
 v - a lamp of fire
 V - a fan of gales (inert)
Comestibles
 c - 12 bread rations
 h - 4 royal jellies
 s - 2 meat rations
 B - 2 fruits


   Skills:
 * Level 3.3 Fighting
   Level 0.3(0.5) Maces & Flails
 + Level 1.0(1.1) Staves
 + Level 3.2 Armour
 - Level 2.4 Dodging
 - Level 2.5 Stealth
 * Level 3.1 Shields
 + Level 11.3 Spellcasting
 + Level 11.2 Conjurations
 * Level 2.5 Hexes
 * Level 2.5 Translocations
 + Level 11.2 Fire Magic
 * Level 3.0 Invocations
 * Level 0.4 Evocations


You had 7 spell levels left.
You knew the following spells:

 Your Spells              Type           Power        Failure   Level  Hunger
a - Bolt of Fire          Conj/Fire      #######...   6%          6    #####..
c - Conjure Flame         Conj/Fire      #######.     1%          3    None
f - Fireball              Conj/Fire      #######...   1%          5    ###....
i - Inner Flame           Hex/Fire       ######..     1%          3    None
s - Sticky Flame          Conj/Fire      #######.     1%          4    None
t - Teleport Other        Tloc           ####....     4%          3    None
z - Flame Tongue          Conj/Fire      #####        1%          1    None


Dungeon Overview and Level Annotations

Branches:
Dungeon (12/15)            Temple (1/1) D:7            Lair (0/6) D:10
    Orc (0/2) D:9

Altars:
Ashenzari
Cheibriados
Dithmenos
Elyvilon
Fedhas
Gozag
Hepliaklqana
Kikubaaqudgha
Makhleb
Nemelex Xobeh
Okawaru
Qazlal
Ru
Sif Muna
Trog
Uskayaw
Vehumet
Xom
Yredelemnul
Zin
The Shining One

Shops:
D:5 *   D:6 (   D:8 :   D:11 [

Annotations:
D:6 yogakurto's ghost, novice FoAK
D:7 exclusion: statue
D:12 Fannar


Innate Abilities, Weirdness & Mutations

Armour fits poorly on your strangely shaped body.


Message History

Press: ? - help, Shift-Dir - straight line, f/p - cyclops
Aim: a cyclops (almost dead)
You feel a surge of power!
The flame tongue hits the cyclops.
You kill the cyclops!
Sif Muna accepts your kill.
Your Staves skill increases to level 1!
Your Invocations skill increases to level 3!
g - a scroll labeled GOBLADEA SETIN You see here a bolt.
Fannar the Cold-Hearted comes into view.
He is wielding a quarterstaff of freezing.
Fannar moves out of view.
There is an open door here.
There is a stone staircase leading up here.
You climb upwards.
The cyclops shouts!
The cyclops misses you.
There is a stone staircase leading down here.
The cyclops throws a large rock.
The large rock hits you!!!
Ouch! That really hurt!
You die...

..#.##.###..#### #...#
#.# .##.##.# #..#
###.# #.##
.##.##.###..# #.# #...
.##.##.##...## #.#
#### .##.##.#.....#
#.# .............# #.#
#......#.....# #.#
.########...########.#
## ###.....@>C..#
##### #########..#
....# #..# # ###.#
#..# # #...# #..# #
....# #..# # #...#
#..# # ##.## #..# #.#
#..#


You could see a cyclops.

Vanquished Creatures
  A two-headed ogre (D:10)
  4 ugly things (D:12)
  A cyclops (D:12)
  Maurice (D:8)
  A kobold demonologist (D:12)
  A yaktaur (D:12)
  3 trolls
  A hornet (D:7)
  3 slime creatures (D:12)
  A hippogriff (D:11)
  A shadow (D:12)
  A spriggan (D:11)
  The ghost of arttle the Ruffian, an amateur TrFi (D:3)
  2 vampires
  A steam dragon (D:10)
  A wyvern (D:9)
  2 hungry ghosts
  3 wargs (D:10)
  Duvessa (D:6)
  5 ice beasts
  7 orc warriors
  3 black bears
  2 sky beasts
  An eye of draining (D:10)
  7 ogres
  3 phantoms
  A centaur (D:11)
  2 big kobolds
  3 bullfrogs
  A water moccasin zombie (D:10)
  A wyvern skeleton (D:12)
  3 scorpions
  Dowan (D:6)
  10 howler monkeys
  8 wights
  3 electric eels (D:9)
  6 crimson imps
  A centaur zombie (D:7)
  2 jellies
  10 hounds
  11 orc wizards
  10 orc priests
  A bullfrog skeleton (D:5)
  2 centaur skeletons
  3 iguanas
  8 worker ants
  2 killer bee zombies
  A hound skeleton (D:4)
  A worker ant zombie (D:10)
  2 gnolls (D:9)
  A howler monkey skeleton (D:6)
  12 adders
  A shadow imp (D:8)
  5 oozes (Sewer)
  An adder zombie (D:7)
  An adder skeleton (D:8)
  7 worms
  2 dart slugs (D:3)
  13 leopard geckos
  52 orcs
  5 giant cockroaches
  8 goblins
  9 hobgoblins
  15 jackals
  30 kobolds
  3 quokkas
  2 ball pythons (D:2)
  21 bats
  8 frilled lizards
  A jackal skeleton (D:5)
  7 rats
  A bush (D:1)
  12 plants
368 creatures vanquished.

Vanquished Creatures (others)
  A quokka (D:10)
1 creature vanquished.

Grand Total: 369 creatures vanquished

Notes
Turn   | Place    | Note
-------+----------+-------------------------------------------
     0 | D:1      | Gremour the Deep Elf Fire Elementalist began the quest for the Orb.
     0 | D:1      | Reached XP level 1. HP: 10/10 MP: 6/6
   186 | D:1      | Reached XP level 2. HP: 10/15 MP: 0/8
  1427 | D:2      | Reached XP level 3. HP: 17/19 MP: 4/10
  1659 | D:2      | Found a sacrificial altar of Ru.
  1661 | D:2      | Reached XP level 4. HP: 24/24 MP: 8/12
  1765 | D:3      | Noticed arttle's ghost (amateur TrFi)
  1827 | D:2      | Learned a level 4 spell: Sticky Flame
  1831 | D:2      | Learned a level 3 spell: Conjure Flame
  1924 | D:3      | Found an iron altar of Okawaru.
  2061 | D:3      | Killed arttle's ghost
  2061 | D:3      | Reached skill level 5 in Fire Magic
  2061 | D:3      | Reached XP level 5. HP: 24/28 MP: 0/13
  2255 | D:3      | Reached XP level 6. HP: 30/32 MP: 8/14
  3204 | D:4      | Found a deep blue altar of Sif Muna.
  3207 | D:4      | Became a worshipper of Sif Muna the Loreminder
  3369 | D:4      | Found a glowing drain.
  3415 | Sewer    | Entered a sewer
  4265 | D:4      | Reached XP level 7. HP: 25/36 MP: 5/15
  4290 | D:4      | Reached skill level 1 in Armour
  4681 | D:4      | Reached * piety under Sif Muna
  5150 | D:5      | Entered Level 5 of the Dungeon
  5231 | D:5      | Reached skill level 5 in Spellcasting
  5320 | D:5      | Found Zin's Purification Station.
  5323 | D:5      | Found a glowing silver altar of Zin.
  5380 | D:5      | Learned a level 5 spell: Fireball
  5488 | D:5      | Reached skill level 5 in Conjurations
  5880 | D:5      | Reached XP level 8. HP: 17/41 MP: 10/18
  6068 | D:5      | Found a shattered altar of Ashenzari.
  6320 | D:6      | Noticed yogakurto's ghost (novice FoAK)
  6966 | D:6      | Reached ** piety under Sif Muna
  7149 | D:6      | Gained mutation: Your magical capacity is low. (-10% MP) [mutagenic meat]
  7150 | D:6      | Gained mutation: Scrolls take you a little longer to read. [mutagenic meat]
  7151 | D:6      | Gained mutation: You are dopey. (Int -2) [mutagenic meat]
  7153 | D:6      | Gained mutation: You are partially covered in molten scales. (AC +2) [mutagenic meat]
  7226 | D:6      | Gained mutation: Scrolls take you longer to read. [mutagenic meat]
  7612 | D:6      | Found Gulailaa's Weapon Shoppe.
  7693 | D:6      | Noticed Dowan
  7728 | D:6      | Killed Dowan
  7750 | D:6      | Noticed Duvessa
  7765 | D:6      | Killed Duvessa
  8024 | D:6      | Learned a level 3 spell: Inner Flame
  8451 | D:6      | Found a glowing golden altar of the Shining One.
  8502 | D:6      | Reached XP level 9. HP: 40/45 MP: 8/19
  8660 | D:7      | Found a stormy altar of Qazlal.
  8853 | D:7      | Identified a +1 pair of boots of running (You found it on level 7 of the Dungeon)
  8856 | D:7      | Lost mutation: Scrolls take you longer to read. [potion of mutation]
  8856 | D:7      | Lost mutation: Your magical capacity is low. (-10% MP) [potion of mutation]
  8856 | D:7      | Lost mutation: Scrolls take you a little longer to read. [potion of mutation]
  8856 | D:7      | Gained mutation: Your spells are a little easier to cast, but a little less powerful. [potion of mutation]
  8856 | D:7      | Lost mutation: You are dopey. (Int -2) [potion of mutation]
  8856 | D:7      | Gained mutation: You have sharp toenails. [potion of mutation]
  8871 | D:7      | Lost mutation: Your spells are a little easier to cast, but a little less powerful. [potion of mutation]
  8871 | D:7      | Lost mutation: You are partially covered in molten scales. (AC +2) [potion of mutation]
  8871 | D:7      | Lost mutation: You have sharp toenails. [potion of mutation]
  8871 | D:7      | Gained mutation: You are agile. (Dex +2) [potion of mutation]
  8871 | D:7      | Gained mutation: Your spells are a little harder to cast, but a little more powerful. [potion of mutation]
  8871 | D:7      | Gained mutation: You are very agile. (Dex +4) [potion of mutation]
  8879 | D:7      | Found a staircase to the Ecumenical Temple.
  8884 | D:7      | Lost mutation: Your spells are a little harder to cast, but a little more powerful. [potion of mutation]
  8884 | D:7      | Lost mutation: You are very agile. (Dex +4) [potion of mutation]
  8884 | D:7      | Lost mutation: You are agile. (Dex +2) [potion of mutation]
  8884 | D:7      | Gained mutation: You are robust. (+10% HP) [potion of mutation]
  8884 | D:7      | Gained mutation: Your magical capacity is low. (-10% MP) [potion of mutation]
  8884 | D:7      | Gained mutation: You are agile. (Dex +2) [potion of mutation]
  8970 | D:7      | Found a radiant altar of Vehumet.
  9037 | D:7      | Reached *** piety under Sif Muna
  9057 | D:7      | Reached skill level 10 in Fire Magic
  9409 | D:7      | Lost mutation: You are robust. (+10% HP) [potion of mutation]
  9409 | D:7      | Lost mutation: You are agile. (Dex +2) [potion of mutation]
  9409 | D:7      | Lost mutation: Your magical capacity is low. (-10% MP) [potion of mutation]
  9409 | D:7      | Gained mutation: Your mind is acute. (Int +2) [potion of mutation]
  9409 | D:7      | Gained mutation: You can translocate small distances at will. [potion of mutation]
  9431 | Temple   | Entered the Ecumenical Temple
 10108 | D:8      | Found Ricazul's Book Shoppe.
 10113 | D:8      | Noticed Maurice
 10345 | D:8      | Killed Maurice
 10345 | D:8      | Reached **** piety under Sif Muna
 10483 | D:8      | Reached XP level 10. HP: 43/50 MP: 17/24
 11305 | D:9      | Reached skill level 1 in Fighting
 12093 | D:9      | Reached skill level 1 in Shields
 12299 | D:9      | Reached ***** piety under Sif Muna
 12299 | D:9      | Identified Sif Muna's Compendium of the Displaced Volcanoes (Sif Muna gifted it to you on level 9 of the Dungeon)
 12299 | D:9      | Received a gift from Sif Muna
 12313 | D:9      | Found a staircase to the Orcish Mines.
 12329 | D:9      | Reached skill level 10 in Conjurations
 12839 | D:10     | Entered Level 10 of the Dungeon
 13118 | D:10     | Learned a level 6 spell: Bolt of Fire
 13122 | D:10     | Learned a level 3 spell: Teleport Other
 13140 | D:10     | Noticed a two-headed ogre
 13148 | D:10     | Killed a two-headed ogre
 13148 | D:10     | Reached skill level 10 in Spellcasting
 13239 | D:10     | Reached skill level 1 in Invocations
 13380 | D:10     | Found an iron altar of Okawaru.
 13389 | D:10     | Reached XP level 11. HP: 44/58 MP: 16/27
 13418 | D:10     | Found a staircase to the Lair.
 14356 | D:11     | Found Feqym's Antique Armour Shop.
 15220 | D:12     | Reached skill level 1 in Translocations
 15225 | D:12     | Reached skill level 1 in Hexes
 15435 | D:12     | Noticed a white ugly thing
 15453 | D:12     | Killed a white ugly thing
 15713 | D:12     | Noticed a soul eater
 15715 | D:12     | Noticed a purple ugly thing
 15990 | D:12     | Noticed a purple ugly thing
 15990 | D:12     | Noticed a white ugly thing
 15997 | D:12     | Killed a purple ugly thing
 15997 | D:12     | Killed a white ugly thing
 16129 | D:12     | Killed a purple ugly thing
 16137 | D:12     | Gained mutation: You tend to lose your temper in combat. [mutagenic meat]
 16138 | D:12     | Gained mutation: Your spells are a little harder to cast, but a little more powerful. [mutagenic meat]
 16150 | D:12     | Lost mutation: You can translocate small distances at will. [potion of mutation]
 16150 | D:12     | Lost mutation: Your mind is acute. (Int +2) [potion of mutation]
 16150 | D:12     | Lost mutation: Your spells are a little harder to cast, but a little more powerful. [potion of mutation]
 16150 | D:12     | Lost mutation: You tend to lose your temper in combat. [potion of mutation]
 16150 | D:12     | Gained mutation: Armour fits poorly on your strangely shaped body. [potion of mutation]
 16150 | D:12     | Gained mutation: Your spells are a little easier to cast, but a little less powerful. [potion of mutation]
 16150 | D:12     | Lost mutation: Your spells are a little easier to cast, but a little less powerful. [potion of mutation]
 16164 | D:12     | Reached skill level 1 in Staves
 16177 | D:12     | Noticed Fannar
 16233 | D:11     | Hit by a large rock thrown by a cyclops

Skill      XL: |  1  2  3  4  5  6  7  8  9 10 11 |
---------------+----------------------------------+-----
Spellcasting   | 4 5 6 8 10 11 | 11.3
Fire Magic     | 4 5 6 8 9 11 | 11.2
Conjurations   | 3 4 5 6 8 10 11 | 11.2
Armour         | 1 2 3 |  3.2
Fighting       | 2 3 |  3.3
Shields        | 1 3 |  3.1
Invocations    | 1 3 |  3.0
Translocations | 2 |  2.5
Hexes          | 2 |  2.5
Staves         | 1 |  1.0
Maces & Flails | |  0.3
Dodging        | |  2.4
Stealth        | |  2.5
Evocations     | |  0.4

Action                   |  1- 3 |  4- 6 |  7- 9 | 10-12 || total
-------------------------+-------+-------+-------+-------++-------
Melee: Short sword       |    18 |       |       |       ||    18
       Unarmed           |     1 |       |       |       ||     1
       Dagger            |   396 |    42 |   218 |       ||   656
       Staff             |       |       |       |    27 ||    27
       Mace              |       |       |       |    21 ||    21
       Falchion          |       |       |       |    10 ||    10
Throw: Stone             |       |       |       |     1 ||     1
 Cast: Flame Tongue      |    74 |   130 |   311 |   257 ||   772
       Conjure Flame     |       |     1 |    15 |     9 ||    25
       Fireball          |       |       |    11 |    17 ||    28
       Sticky Flame      |       |       |     6 |    29 ||    35
       Bolt of Fire      |       |       |       |     9 ||     9
Invok: Divine Energy     |       |       |     1 |       ||     1
       Stop Divine Energ |       |       |     1 |       ||     1
       Channel Magic     |       |       |       |     1 ||     1
 Abil: Evoke Invisibilit |     1 |       |       |       ||     1
Evoke: Fan of gales      |       |       |       |     1 ||     1
  Use: Scroll            |       |     6 |     4 |    10 ||    20
       Potion            |       |     2 |    10 |     5 ||    17
 Stab: Sleeping          |     5 |     4 |     2 |     1 ||    12
       Invisible         |     1 |       |       |       ||     1
       Distracted        |       |       |     1 |       ||     1
  Eat: Fruit             |     2 |       |       |     1 ||     3
       Meat ration       |     1 |       |     2 |     4 ||     7
       Chunk             |       |     3 |    18 |     7 ||    28
       Royal jelly       |       |     1 |       |       ||     1
Armor: Robe              |    14 |    21 |    56 |    70 ||   161
       Ring mail         |       |    64 |    44 |       ||   108
Dodge: Dodged            |    59 |   132 |   218 |   110 ||   519
       Rpst.: Falchion   |       |       |       |     2 ||     2
